| TOP OF THE 1ST |
|
Rice University Owls batting - Pitching for Stanford University Cardinal : RHP Cesar Jimenez
|
|
Pitching: RHP Cesar Jimenez
|
|
|
Batting: RHB Tony Casas
|
0-0: Ball 1-0: Ball 2-0: Ball 3-0: Base on Balls
|
|
Batting: RHB Steve Goodall
|
0-0: Ball 1-0: Fly out, F7 (Flyball, 78S, EV 90.6 MPH)
|
|
Batting: RHB Logan Johnson
|
0-0: Ball 1-0: Called Strike 1-1: Foul Ball, location: 2F 1-2: Foul Ball, location: 2F 1-2: Foul Ball, location: 2F 1-2: Grounds into double play, 5-4-3 (Groundball, 5S, EV 85.6 MPH)
|
| Top of the 1st over - 0 runs, 0 hits, 0 errors, 0 left on base; Rice University 0 - Stanford University 0 |
| BOTTOM OF THE 1ST |
|
Stanford University Cardinal batting - Pitching for Rice University Owls : RHP Jordan Rondon
|
|
Pitching: RHP Jordan Rondon
|
|
|
Batting: SHB Jason Larson
|
0-0: Called Strike 0-1: Fly out, F8 (Line Drive, 8LM, EV 108.8 MPH)
|
|
Batting: SHB Justin Houser
|
0-0: Called Strike 0-1: Ball 1-1: SINGLE (Flyball, 8RS, EV 96.9 MPH)
|
|
Batting: RHB Mike Bell
|
Pickoff Throw to First - Out! 1-3 0-0: Foul Ball, location: 2F 0-1: Hit by Pitch
|
|
Batting: RHB Joe Sandoval
|
0-0: Called Strike 0-1: Fly out, F9 (Flyball, 89S, EV 94.4 MPH)
|
| Bottom of the 1st over - 0 runs, 1 hit, 0 errors, 1 left on base; Rice University 0 - Stanford University 0 |
| TOP OF THE 2ND |
|
Rice University Owls batting - Pitching for Stanford University Cardinal : RHP Cesar Jimenez
|
|
Batting: RHB Troy Trice
|
0-0: Ball 1-0: SOLO HOME RUN (Flyball, 8LXD, EV 116.3 MPH), Distance : 454 ft
|
|
Batting: RHB Jonas Fernandez
|
0-0: Ball 1-0: Foul Ball, location: 2F 1-1: SINGLE (Line Drive, 5D, EV 94.4 MPH)
|
|
Batting: LHB Luis Castruita
|
0-0: Foul Ball, location: 2F 0-1: Foul Ball, location: 2F 0-2: Ball 1-2: Fly out, F8 (Line Drive, 8RM, EV 90.0 MPH)
|
|
Batting: LHB Jeff Palmowski
|
0-0: Called Strike 0-1: Foul Ball, location: 2F 0-2: Strikes out swinging
|
|
Batting: RHB Roberto Aispuro
|
Pickoff Throw to First - Out! 1-3
|
| Top of the 2nd over - 1 run, 2 hits, 0 errors, 0 left on base; Rice University 1 - Stanford University 0 |
| BOTTOM OF THE 2ND |
|
Stanford University Cardinal batting - Pitching for Rice University Owls : RHP Jordan Rondon
|
|
Batting: LHB Justin O'Neal
|
0-0: Called Strike 0-1: Ball 1-1: Ball 2-1: Foul Ball, location: 2F 2-2: Ball 3-2: Foul Ball, location: 2F 3-2: Base on Balls
|
|
Batting: RHB Josh Asch
|
0-0: Fly out, F6 (Popup, 6MS, EV 69.4 MPH)
|
|
Batting: SHB Sun-wei Ng
|
0-0: Ball 1-0: Ball 2-0: Fly out, F8 (Flyball, 89S, EV 86.9 MPH)
|
|
Batting: RHB Kevin Larner
|
0-0: Ball 1-0: Fly out, F5 (Popup, 6S, EV 71.3 MPH)
|
| Bottom of the 2nd over - 0 runs, 0 hits, 0 errors, 1 left on base; Rice University 1 - Stanford University 0 |
| TOP OF THE 3RD |
|
Rice University Owls batting - Pitching for Stanford University Cardinal : RHP Cesar Jimenez
|
|
Batting: RHB Roberto Aispuro
|
0-0: Called Strike 0-1: Ball 1-1: Fly out, F2 (Popup, 2LF, EV 94.4 MPH)
|
|
Batting: RHB Mike Hughes
|
0-0: Ball 1-0: Ball 2-0: Fly out, F4 (Flyball, 4D, EV 86.9 MPH)
|
|
Batting: RHB Tony Casas
|
0-0: Called Strike 0-1: Ball 1-1: DOUBLE (Line Drive, 9LS, EV 88.1 MPH)
|
|
Batting: RHB Steve Goodall
|
0-0: Called Strike 0-1: Ball 1-1: Foul Ball, location: 2F 1-2: Fly out, F2 (Popup, 23F, EV 78.1 MPH)
|
| Top of the 3rd over - 0 runs, 1 hit, 0 errors, 1 left on base; Rice University 1 - Stanford University 0 |
| BOTTOM OF THE 3RD |
|
Stanford University Cardinal batting - Pitching for Rice University Owls : RHP Jordan Rondon
|
|
Batting: SHB Justin Corbett
|
0-0: Ball 1-0: Fly out, F5 (Popup, 56S, EV 84.4 MPH)
|
|
Batting: SHB Jason Larson
|
0-0: Called Strike 0-1: Fly out, F3 (Popup, 3SF, EV 74.4 MPH)
|
|
Batting: SHB Justin Houser
|
0-0: Ball 1-0: Foul Ball, location: 2F 1-1: Fly out, F8 (Flyball, 78D, EV 86.9 MPH)
|
| Bottom of the 3rd over - 0 runs, 0 hits, 0 errors, 0 left on base; Rice University 1 - Stanford University 0 |
| TOP OF THE 4TH |
|
Rice University Owls batting - Pitching for Stanford University Cardinal : RHP Cesar Jimenez
|
|
Batting: RHB Logan Johnson
|
0-0: Ball 1-0: Ball 2-0: Called Strike 2-1: Swinging Strike 2-2: Ball 3-2: Ground out 6-3 (Groundball, 6, EV 83.8 MPH)
|
|
Batting: RHB Troy Trice
|
0-0: Ball 1-0: Called Strike 1-1: Foul Ball, location: 2F 1-2: Ball 2-2: Strikes out swinging
|
|
Batting: RHB Jonas Fernandez
|
0-0: Swinging Strike 0-1: Ball 1-1: Ball 2-1: Ball 3-1: Base on Balls
|
|
Batting: LHB Luis Castruita
|
0-0: Swinging Strike 0-1: Ball Jonas Fernandez steals 2nd base 1-1: Foul Ball, location: 2F 1-2: Ball 2-2: Ball 3-2: Ground out U3 (Groundball, 3, EV 102.5 MPH)
|
| Top of the 4th over - 0 runs, 0 hits, 0 errors, 1 left on base; Rice University 1 - Stanford University 0 |
| BOTTOM OF THE 4TH |
|
Stanford University Cardinal batting - Pitching for Rice University Owls : RHP Jordan Rondon
|
|
Batting: RHB Mike Bell
|
0-0: DOUBLE (Line Drive, 9LM, EV 94.4 MPH)
|
|
Batting: RHB Joe Sandoval
|
0-0: Ball 1-0: Ball Wild Pitch! Mike Bell to third 2-0: Called Strike 2-1: Ball 3-1: Ground out 1-3 (Groundball, 15S, EV 66.3 MPH)
|
|
Batting: LHB Justin O'Neal
|
0-0: Ball 1-0: Ball 2-0: Fly out, F9 (Flyball, 9S, EV 92.5 MPH)
|
|
Batting: RHB Josh Asch
|
0-0: Ball 1-0: Ball Wild Pitch! Mike Bell scores 2-0: Called Strike 2-1: Ball 3-1: Base on Balls
|
|
Batting: SHB Sun-wei Ng
|
0-0: Swinging Strike 0-1: Ball 1-1: Ball Wild Pitch! Josh Asch to second 2-1: Ground out 4-3 (Groundball, 4, EV 89.4 MPH)
|
| Bottom of the 4th over - 1 run, 1 hit, 0 errors, 1 left on base; Rice University 1 - Stanford University 1 |
| TOP OF THE 5TH |
|
Rice University Owls batting - Pitching for Stanford University Cardinal : RHP Cesar Jimenez
|
|
Batting: LHB Jeff Palmowski
|
0-0: Ground out 5-3 (Groundball, 56, EV 82.5 MPH)
|
|
Batting: RHB Roberto Aispuro
|
0-0: Called Strike 0-1: Swinging Strike 0-2: Foul Ball, location: 2F 0-2: Ball 1-2: Fly out, F9 (Line Drive, 9, EV 100.0 MPH)
|
|
Batting: RHB Mike Hughes
|
0-0: SINGLE (Groundball, 6MD, EV 103.1 MPH)
|
|
Batting: RHB Tony Casas
|
0-0: Ball 1-0: Swinging Strike 1-1: Ball 2-1: Ball 3-1: Base on Balls Mike Hughes to second
|
|
Batting: RHB Steve Goodall
|
0-0: Foul Ball, location: 2F 0-1: Foul Ball, location: 2F 0-2: Ball 1-2: Foul Ball, location: 2F 1-2: Strikes out swinging
|
| Top of the 5th over - 0 runs, 1 hit, 0 errors, 2 left on base; Rice University 1 - Stanford University 1 |
| BOTTOM OF THE 5TH |
|
Stanford University Cardinal batting - Pitching for Rice University Owls : RHP Jordan Rondon
|
|
Batting: RHB Kevin Larner
|
0-0: Ground out 4-3 (Groundball, 4, EV 100.0 MPH)
|
|
Batting: SHB Justin Corbett
|
0-0: Swinging Strike 0-1: SINGLE (Flyball, 8LS, EV 82.5 MPH)
|
|
Batting: SHB Jason Larson
|
0-0: Called Strike Justin Corbett steals 2nd, throwing error, E2 Justin Corbett to third 0-1: Ball 1-1: Swinging Strike 1-2: Strikes out swinging
|
|
Batting: SHB Justin Houser
|
0-0: Ball 1-0: Ball 2-0: Ball 3-0: Called Strike 3-1: Base on Balls
|
|
Batting: RHB Mike Bell
|
0-0: Called Strike 0-1: SINGLE (Line Drive, 6D, EV 103.1 MPH) Justin Corbett scores Justin Houser to second
|
|
Batting: RHB Joe Sandoval
|
0-0: Ball 1-0: Ball 2-0: Fly out, F3 (Popup, 34S, EV 80.0 MPH)
|
| Bottom of the 5th over - 1 run, 2 hits, 1 error, 2 left on base; Rice University 1 - Stanford University 2 |
| TOP OF THE 6TH |
|
Rice University Owls batting - Pitching for Stanford University Cardinal : RHP Cesar Jimenez
|
|
Batting: RHB Logan Johnson
|
0-0: Ball 1-0: Foul Ball, location: 2F 1-1: SINGLE (Groundball, 34D, EV 97.5 MPH)
|
|
Batting: RHB Troy Trice
|
0-0: Ball 1-0: Swinging Strike 1-1: Fly out, F7 (Flyball, 78S, EV 92.5 MPH)
|
|
Batting: RHB Jonas Fernandez
|
0-0: SINGLE (Line Drive, 9LS, EV 106.3 MPH) Logan Johnson to second
|
|
Batting: LHB Luis Castruita
|
0-0: Ball 1-0: Ball 2-0: Called Strike 2-1: Called Strike 2-2: Foul Ball, location: 2F 2-2: Ball 3-2: Foul Ball, location: 2F 3-2: Foul Ball, location: 2F 3-2: Base on Balls Logan Johnson to third Jonas Fernandez to second
|
|
Batting: LHB Jeff Palmowski
|
0-0: Ball 1-0: Ball 2-0: Called Strike 2-1: SINGLE (Flyball, 34D, EV 90.0 MPH) Logan Johnson scores Jonas Fernandez to third Luis Castruita to second Runner from 3rd tries for Home, SAFE, throw by RF to home
|
|
Batting: RHB Roberto Aispuro
|
0-0: Grounds into double play, 6-4-3 (Groundball, 56D, EV 98.1 MPH)
|
| Top of the 6th over - 2 runs, 3 hits, 0 errors, 1 left on base; Rice University 3 - Stanford University 2 |
| BOTTOM OF THE 6TH |
|
Stanford University Cardinal batting - Pitching for Rice University Owls : RHP Jordan Rondon
|
|
Batting: LHB Justin O'Neal
|
0-0: Ball 1-0: Ball 2-0: Ball 3-0: Called Strike 3-1: Swinging Strike 3-2: Base on Balls
|
|
Batting: RHB Josh Asch
|
0-0: Ball 1-0: Fly out, F9 (Flyball, 9S, EV 96.3 MPH)
|
|
Batting: SHB Sun-wei Ng
|
0-0: Ball 1-0: Called Strike 1-1: Swinging Strike 1-2: Strikes out swinging
|
|
Batting: RHB Kevin Larner
|
0-0: Ball 1-0: Fly out, F8 (Flyball, 8RM, EV 86.3 MPH)
|
| Bottom of the 6th over - 0 runs, 0 hits, 0 errors, 1 left on base; Rice University 3 - Stanford University 2 |
| TOP OF THE 7TH |
|
Rice University Owls batting - Pitching for Stanford University Cardinal : RHP Cesar Jimenez
|
|
Batting: RHB Mike Hughes
|
0-0: Fly out, F8 (Flyball, 89D, EV 98.8 MPH)
|
|
Batting: RHB Tony Casas
|
0-0: Called Strike 0-1: Hit by Pitch
|
|
Batting: RHB Steve Goodall
|
0-0: Called Strike 0-1: Ball 1-1: Foul Ball, location: 2F 1-2: Ball 2-2: SINGLE (Flyball, 7S, EV 86.9 MPH) Tony Casas to second
|
|
Batting: RHB Logan Johnson
|
0-0: Swinging Strike 0-1: Ball 1-1: Called Strike 1-2: Strikes out swinging
|
|
Batting: RHB Troy Trice
|
0-0: Foul Ball, location: 2F 0-1: Foul Ball, location: 2F 0-2: Ball 1-2: TRIPLE (Line Drive, 89XD, EV 106.9 MPH) Tony Casas scores Steve Goodall scores
|
|
Pitching: RHP Jason Barr
|
|
|
Batting: RHB Jonas Fernandez
|
0-0: Ball 1-0: Ball 2-0: Called Strike 2-1: Foul Ball, location: 2F 2-2: Ball 3-2: Foul Ball, location: 2F 3-2: Foul Ball, location: 2F 3-2: Base on Balls
|
|
Batting: LHB Luis Castruita
|
0-0: Called Strike 0-1: Called Strike 0-2: Foul Ball, location: 2F 0-2: Ball 1-2: Foul Ball, location: 2F 1-2: Ball Jonas Fernandez is caught stealing 2nd base 2-6
|
| Top of the 7th over - 2 runs, 2 hits, 0 errors, 1 left on base; Rice University 5 - Stanford University 2 |
| BOTTOM OF THE 7TH |
|
Stanford University Cardinal batting - Pitching for Rice University Owls : RHP Jordan Rondon
|
|
Pitching: RHP Carlos Olbera
|
|
|
Batting: SHB Justin Corbett
|
0-0: Called Strike 0-1: Swinging Strike 0-2: Ball 1-2: SINGLE (Line Drive, 8RS, EV 98.1 MPH)
|
|
Batting: SHB Jason Larson
|
0-0: Called Strike Justin Corbett steals 2nd base 0-1: Called Strike 0-2: Ball 1-2: Fly out, F9 (Flyball, 89S, EV 80.6 MPH)
|
|
Batting: SHB Justin Houser
|
0-0: Swinging Strike 0-1: Foul Ball, location: 2F 0-2: Foul Ball, location: 2F 0-2: Foul Ball, location: 2F 0-2: Hit by Pitch
|
|
Batting: RHB Mike Bell
|
0-0: Fielders Choice at 2nd, 6-4 (Groundball, 6, EV 103.8 MPH) Justin Corbett to third
|
|
Batting: RHB Joe Sandoval
|
0-0: Swinging Strike 0-1: Ball 1-1: Foul Ball, location: 2F 1-2: Foul Ball, location: 2F 1-2: SINGLE (Flyball, 8LS, EV 98.1 MPH) Justin Corbett scores Mike Bell to second Runner from 2nd tries for 3rd, SAFE, throw by CF made to third
|
|
Batting: LHB Justin O'Neal
|
0-0: Called Strike 0-1: Foul Ball, location: 2F 0-2: Ball 1-2: Fly out, F4 (Flyball, 4D, EV 88.1 MPH)
|
| Bottom of the 7th over - 1 run, 2 hits, 0 errors, 2 left on base; Rice University 5 - Stanford University 3 |
| TOP OF THE 8TH |
|
Rice University Owls batting - Pitching for Stanford University Cardinal : RHP Jason Barr
|
|
Pitching: RHP Adam Dennis
|
|
|
Batting: LHB Luis Castruita
|
0-0: Ball 1-0: Ball 2-0: Foul Ball, location: 2F 2-1: Ball 3-1: Called Strike 3-2: Foul Ball, location: 2F 3-2: Foul Ball, location: 2F 3-2: Strikes out swinging
|
|
Batting: LHB Jeff Palmowski
|
0-0: Foul Ball, location: 2F 0-1: Swinging Strike 0-2: Foul Ball, location: 2F 0-2: Strikes out swinging
|
|
Batting: RHB Roberto Aispuro
|
0-0: Ball 1-0: Ball 2-0: SINGLE (Groundball, 13S, EV 72.5 MPH) (infield hit)
|
|
Batting: RHB Mike Hughes
|
0-0: SINGLE (Groundball, 56D, EV 101.9 MPH) Roberto Aispuro to second
|
|
Batting: RHB Tony Casas
|
0-0: Fly out, F7 (Flyball, 78D, EV 107.5 MPH)
|
| Top of the 8th over - 0 runs, 2 hits, 0 errors, 2 left on base; Rice University 5 - Stanford University 3 |
| BOTTOM OF THE 8TH |
|
Stanford University Cardinal batting - Pitching for Rice University Owls : RHP Carlos Olbera
|
|
Batting: RHB Josh Asch
|
0-0: Swinging Strike 0-1: Foul Ball, location: 2F 0-2: Fly out, F7 (Flyball, 7LD, EV 83.8 MPH)
|
|
Batting: SHB Sun-wei Ng
|
0-0: Ground out 6-3 (Groundball, 6, EV 88.1 MPH)
|
|
Batting: RHB Kevin Larner
|
0-0: Ball 1-0: Ball 2-0: Ball 3-0: Called Strike 3-1: Fly out, F9 (Flyball, 9S, EV 82.5 MPH)
|
| Bottom of the 8th over - 0 runs, 0 hits, 0 errors, 0 left on base; Rice University 5 - Stanford University 3 |
| TOP OF THE 9TH |
|
Rice University Owls batting - Pitching for Stanford University Cardinal : RHP Adam Dennis
|
|
Pitching: RHP Max Warburton
|
|
|
Batting: RHB Steve Goodall
|
0-0: Called Strike 0-1: Fly out, F9 (Flyball, 9LS, EV 71.9 MPH)
|
|
Batting: RHB Logan Johnson
|
0-0: Ball 1-0: Ball 2-0: Foul Ball, location: 2F 2-1: Foul Ball, location: 2F 2-2: Ground out 6-3 (Groundball, 6, EV 108.1 MPH)
|
|
Batting: RHB Troy Trice
|
0-0: SINGLE (Flyball, 7S, EV 87.5 MPH)
|
|
Batting: RHB Jonas Fernandez
|
0-0: Foul Ball, location: 2F 0-1: Foul Ball, location: 2F 0-2: Strikes out swinging
|
| Top of the 9th over - 0 runs, 1 hit, 0 errors, 1 left on base; Rice University 5 - Stanford University 3 |
| BOTTOM OF THE 9TH |
|
Stanford University Cardinal batting - Pitching for Rice University Owls : RHP Carlos Olbera
|
|
Pitching: LHP Tyler Portier
|
|
|
Batting: SHB Justin Corbett
|
0-0: Ball 1-0: Ball 2-0: Called Strike 2-1: Ball 3-1: Swinging Strike 3-2: Fly out, F8 (Flyball, 78D, EV 83.1 MPH)
|
|
Batting: SHB Jason Larson
|
0-0: Ball 1-0: Ball 2-0: Ball 3-0: Called Strike 3-1: Ground out 4-3 (Groundball, 4S, EV 67.5 MPH)
|
|
Batting: SHB Justin Houser
|
0-0: Foul Ball, location: 2F 0-1: Foul Ball, location: 2F 0-2: Strikes out swinging
|
| Bottom of the 9th over - 0 runs, 0 hits, 0 errors, 0 left on base; Rice University 5 - Stanford University 3 |
|